[Event "*** Titled Tuesday Blitz"]
[Site "Chess.com"]
[Date "2019.11.05"]
[Round "6"]
[White "politeplayer"]
[Black "wild_cat99"]
[Result "1-0"]
[WhiteElo "2238"]
[BlackElo "2379"]
[TimeControl "180+2"]
[EndTime "14:22:14 PST"]
[Termination "politeplayer won by resignation"]

1. e4 c5 2. d4 cxd4 3. c3 dxc3 4. Nxc3 Nc6 5. Nf3 a6 6. Bc4 d6 7. O-O Bg4 8. Bxf7+ Kxf7 9. Ng5+ Ke8 10. Qxg4 Nf6 11. Qe6 Qb8 12. Qf7+ Kd7 13. Nd5 h6 14. Nb6+ Kc7 15.
Nxa8+ Qxa8 16. Ne6+ Kd7 17. Be3 Ne5 18. Nxf8+ Rxf8 19.
Qb3 b5 20. a4 Qxe4 21. f3 Qc6 22. Rfc1 bxa4 23. Rxa4 Qb5 24. Rb4 Qd5 25. Rb7+ Ke6 26. Rcc7 Ng6 27. Qxd5+ Nxd5 28. Rc1 Ngf4 29. Bxf4 Nxf4 30.
Re1+ Kf5 31. Rexe7 g5 32. Rf7+ Rxf7 33. Rxf7+ Ke5 34.
Ra7 Nd3 35. b3 Nc1 36. b4 Nd3 37. Rxa6 Nxb4 38. Ra7 d5 39. Rh7 Kd4 40. Kf2 Nd3+ 41. Kg3 Ke3 42. Rxh6 Nf4 43. Rh8 d4 44. Re8+ Kd2 45. h4 Nh5+ 46. Kf2 gxh4 47. Rh8 Nf4 48. Rxh4 Nd3+ 49. Kf1 Kc3 50. g4 Ne5 51. g5 d3 52. f4 d2 53. Ke2 Kc2 54. Rh1 Ng6 55. f5 Nf4+ 56. Kf3 Nd5 57. g6 Nf6 58. Kf4 d1=Q 59.
Rxd1 Kxd1 60. Ke5 Ng4+ 61. Ke6 Nh6 62. f6 Ke2 63. f7 1-0

[Event "*** Titled Tuesday Blitz"]
[Site "Chess.com"]
[Date "2019.11.05"]
[Round "6"]
[White "el-reptiliano"]
[Black "TomsKantans"]
[Result "0-1"]
[WhiteElo "2314"]
[BlackElo "2606"]
[TimeControl "180+2"]
[EndTime "14:22:15 PST"]
[Termination "TomsKantans won by resignation"]

1. Nf3 c5 2. c4 Nc6 3. e3 Nf6 4.
Nc3 e5 5. d4 e4 6. Ne5 h5 7.
Nxc6 dxc6 8. h3 Bf5 9. Be2 Qc7 10.
d5 Bd6 11. dxc6 bxc6 12. Bd2 Rb8 13. b3 Qe7 14. Qc2 Nd7 15. O-O-O h4 16. Bg4 g6 17.
Ne2 Bxg4 18. hxg4 Nf6 19. Bc3 Be5 20. Bxe5 Qxe5 21. Qc3 Qxc3+ 22. Nxc3 Nxg4 23. Nxe4 f5 24. Nd6+ Ke7 25. Rhe1 Rhd8 26. e4 Rxd6 27. exf5+ Kd7 28. fxg6 Rg8 29. Rxd6+ Kxd6 30. f3 Ne5 31. Rd1+ Ke6 32. Re1 Kf5 33. Re4 Nxg6 34. Rg4 Re8 35. Kd2 Re7 36.
Kd1 Rh7 37. Kd2 Ne5 38. Rg8 Ng6 39. Rc8 Nf4 40. Rxc6 Nxg2 41. Rxc5+ Kf4 42. Rc8 Ne3 43. Rg8 h3 44. Rg1 h2 45. Rh1 Kxf3 46. c5 Ng4 47. Kd3 Nf2+ 0-1

[Event "*** Titled Tuesday Blitz"]
[Site "Chess.com"]
[Date "2019.11.05"]
[Round "6"]
[White "belisarius64"]
[Black "Hadza_3"]
[Result "0-1"]
[WhiteElo "2572"]
[BlackElo "2400"]
[TimeControl "180+2"]
[EndTime "14:22:17 PST"]
[Termination "Hadza_3 won on time"]

1. e4 e5 2. Nf3 Nc6 3. Bb5 g6 4.
O-O Bg7 5. c3 d6 6. d4 Bd7 7. Re1 Nge7 8. Na3 O-O 9. Be3 a6 10.
Ba4 b5 11. Bb3 Na5 12. Bc2 Bg4 13. b4 Bxf3 14. Qxf3 exd4 15. Bxd4 Nac6 16. Bxg7 Kxg7 17. c4 bxc4 18. Nxc4 Kg8 19. Qc3 d5 20. Na5 Nxa5 21. bxa5 Rb8 22. Rad1 c6 23. Bb3 Rb5 24. exd5 cxd5 25.
Qf6 Nf5 26. Qxa6 Rxa5 27. Qd3 d4 28. h3 h5 29. Rc1 Re8 30. Red1 Rae5 31. Qd2 h4 32. Rc6 Kg7 33. Qf4 Re1+ 34. Rxe1 Rxe1+ 35. Kh2 d3 36. Rc7 Re7 37. Rxe7 Qxe7 38. a4 Qd7 39. a5 d2 40. Bd1 f6 41. a6 g5 42.
Qe4 Kg6 43. Qb7 Qd6+ 44. Kg1 Qe5 45. Qf3 Qa1 46. Qh5+ Kg7 47. Qf3 Nd4 48. Qb7+ Kh6 49. a7 Qxd1+ 50. Kh2 Ne2 0-1

[Event "*** Titled Tuesday Blitz"]
[Site "Chess.com"]
[Date "2019.11.05"]
[Round "6"]
[White "Sajkochess"]
[Black "saraswathii"]
[Result "0-1"]
[WhiteElo "2316"]
[BlackElo "2224"]
[TimeControl "180+2"]
[EndTime "14:22:22 PST"]
[Termination "saraswathii won by resignation"]

1. e4 c5 2. Nf3 e6 3. d4 cxd4 4. Nxd4 Nf6 5. Nc3 Nc6 6. g3 d5 7. exd5 Nxd5 8. Bg2 Bb4 9. O-O O-O 10. Nxd5 exd5 11.
c3 Bc5 12. Nb3 Bb6 13. Qxd5 Be6 14. Qxd8 Raxd8 15. Bf4 Rfe8 16. Rad1 a5 17. Rfe1 a4 18. Nc1 a3 19. b3 Ba5 20. b4 Bb6 21. Be3 Bxe3 22.
fxe3 Bg4 23. Rxd8 Rxd8 24. Bxc6 bxc6 25. Nb3 Rd3 26. Kf2 Rxc3 27. Rc1 Rxc1 28. Nxc1 Kf8 29. Ke1 Ke7 30. Kd2 Kd6 31. Kc3 Be6 32. Kd4 f6 33. Kc3 Ke5 34. b5 cxb5 35. Kb4 Bc4 36. Kxa3 Ke4 37. Kb4 Bf1 38. Nb3 Kxe3 39. Na5 Kf2 40. Nc6 Kg2 41. Nd4 Kxh2 42. Nxb5 Kxg3 43. a4 Bg2 44. a5 Bb7 45. Kc5 h5 46. Kb6 Bc8 47.
Nd6 Be6 48. a6 Bd5 49. a7 Ba8 50. Ne8 h4 51. Nc7 Be4 52. Kc5 h3 53. Nd5 Bxd5 54.
Kxd5 h2 0-1

[Event "*** Titled Tuesday Blitz"]
[Site "Chess.com"]
[Date "2019.11.05"]
[Round "6"]
[White "kuli4ik"]
[Black "1995Tiger"]
[Result "0-1"]
[WhiteElo "2814"]
[BlackElo "2148"]
[TimeControl "180+2"]
[EndTime "14:22:26 PST"]
[Termination "1995Tiger won by resignation"]

1. d4 d5 2. Nf3 Nf6 3. Bf4 e6 4. e3 c5 5. dxc5 Bxc5 6. Be2 O-O 7. O-O Nc6 8. c4 dxc4 9. Bxc4 Qe7 10. Nc3 a6 11.
Bg5 b5 12. Bb3 Bb7 13. Qe2 h6 14. Bh4 Bb6 15. Ne4 g5 16. Nxf6+ Qxf6 17. Bg3 Rfd8 18. Rfd1 Na5 19. Ne5 Nxb3 20. axb3 Bc7 21. Ng4 Qe7 22. Nxh6+ Kg7 23. Ng4 Bxg3 24. hxg3 Qb4 25.
Ne5 Qe4 26. Nf3 Rxd1+ 27. Rxd1 Bd5 28. b4 Rc8 29. Qf1 g4 30. Nd4 Rh8 31. Rc1 Qh7 32.
f4 Qh2+ 33. Kf2 Rh3 34. Ne2 Bc4 35. Qg1 Bxe2 36. Kxe2 Qxg1 37. Rxg1 Rh2 38. Kf2 Rh8 39. Ra1 Rc8 40. Rxa6 Rc2+ 41. Kf1 Rxb2 42. Rb6 Rxb4 43. Rb7 Rb2 44. e4 Kf6 45. e5+ Kg6 46. Rb8 b4 47. Kg1 b3 48. Kh2 Kf5 49. Rb7 Ke4 50. Rxf7 Rd2 51.
Rb7 b2 52. Rb8 Kd3 53. Rb6 Kc2 54.
Rc6+ Kd1 55. Rb6 Kc1 56. Kg1 b1=Q 57. Rxb1+ Kxb1 0-1

[Event "*** Titled Tuesday Blitz"]
[Site "Chess.com"]
[Date "2019.11.05"]
[Round "6"]
[White "Aygehovit1992"]
[Black "MITerryble"]
[Result "0-1"]
[WhiteElo "2614"]
[BlackElo "2870"]
[TimeControl "180+2"]
[EndTime "14:22:33 PST"]
[Termination "MITerryble won by resignation"]

1. e4 e6 2. d4 d5 3. Bd3 dxe4 4. Bxe4 Nf6 5. Bg5 c5 6. Nf3 cxd4 7. Bxf6 gxf6 8.
Qxd4 Qxd4 9. Nxd4 a6 10. Nc3 Nd7 11. O-O-O Bc5 12. Rhe1 Rb8 13. f4 O-O 14. f5 Ne5 15.
Re3 Kh8 16. fxe6 fxe6 17. Ree1 b5 18. Nc6 Nxc6 19. Bxc6 Rb6 20. Bd7 Bb4 21. Bxc8 Rxc8 22. Rd7 Bxc3 23. bxc3 Rxc3 24. Re4 Rc4 25. Re3 Rg4 26.
Rh3 Rg7 27. Rd8+ Rg8 28. Rd7 Rxg2 29. Rhxh7+ Kg8 30. Rhe7 Kh8 31. Re8+ Rg8 32. Ree7 Rg1+ 33. Kb2 e5 34. h4 Rb8 35. h5 Rc8 36. h6 Rg2 37. Kb3 a5 38. a4 Rg3+ 39. Kb2 bxa4 40. Rh7+ Kg8 41. Rhg7+ Rxg7 42. Rxg7+ Kh8 43. Ra7 Rc5 44.
Rf7 Rc6 45. Ra7 e4 46. Rxa5 Re6 47. Rxa4 Kh7 48. Kc1 Kxh6 49. Kd2 Kg5 50. Ke3 f5 51. Ra5 Rc6 0-1

[Event "*** Titled Tuesday Blitz"]
[Site "Chess.com"]
[Date "2019.11.05"]
[Round "6"]
[White "AryanTari"]
[Black "Kostya_Nikologorskiy"]
[Result "1/2-1/2"]
[WhiteElo "2847"]
[BlackElo "2566"]
[TimeControl "180+2"]
[EndTime "14:22:33 PST"]
[Termination "Game drawn by agreement"]

1. e4 e6 2. d4 d5 3. exd5 exd5 4. Nf3 Bd6 5. c4 Nf6 6. c5 Be7 7. Bd3 b6 8. Be3 O-O 9. O-O bxc5 10. dxc5 Ng4 11.
Bf4 Nf6 12. Qc2 a5 13. Nd4 Ba6 14.
Rc1 Bxd3 15. Qxd3 Ne4 16. c6 Bg5 17. Bxg5 Qxg5 18. Nc3 Na6 19. Nxe4 dxe4 20. Qxe4 Rfe8 21. Qf3 Rad8 22. Nf5 Nb4 23. h4 Qf6 24. Rc3 Re5 25. Ne3 Qxh4 26. Rc4 Qe7 27. a3 Nd5 28. Nxd5 Rexd5 29. b4 Qe5 30. Rac1 a4 31. g3 Rd2 32. Re4 Qd5 33. Rce1 Qxc6 34. Qf4 h6 35. Re7 Qd5 36. Rxc7 Rd1 37. Rxd1 Qxd1+ 38. Kh2 Qh5+ 39. Qh4 Qxh4+ 40. gxh4 Rd3 41. b5 Rxa3 42. b6 Rb3 43. b7 Kh7 44. Rxf7 a3 45. Rf3 Rxb7 46. Rxa3 Rf7 47. Kg3 Kg6 48.
Ra6+ Kh5 49. Ra5+ g5 50. f3 Rf6 51. Rb5 Rf7 52. Rd5 Rf6 53. hxg5 hxg5 54. Rd8 Rf7 55. Rg8 Rf6 56. Rh8+ Kg6 57. Kg4 Rf4+ 58. Kg3 Rb4 1/2-1/2

[Event "*** Titled Tuesday Blitz"]
[Site "Chess.com"]
[Date "2019.11.05"]
[Round "6"]
[White "RiskyDecision"]
[Black "MathiasWomacka"]
[Result "1/2-1/2"]
[WhiteElo "2516"]
[BlackElo "2319"]
[TimeControl "180+2"]
[EndTime "14:22:33 PST"]
[Termination "Game drawn by repetition"]

1. d4 Nf6 2. c4 e6 3. g3 c5 4. Nf3 cxd4 5. Nxd4 Qc7 6. Nd2 Nc6 7. N4b3 b6 8. Bg2 Bb7 9. O-O Be7 10. Nf3 O-O 11. Bf4 d6 12. Rc1 Rfd8 13. Bg5 h6 14.
Be3 Rac8 15. Nbd4 Nxd4 16. Qxd4 Qb8 17. b3 d5 18. Bf4 Qa8 19. cxd5 Nxd5 20. Rxc8 Rxc8 21.
Rc1 Nxf4 22. Qxf4 g5 23. Rxc8+ Qxc8 24. Qd2 Bf6 25. Ne1 Bxg2 26. Nxg2 Kg7 27. Ne3 Qc6 28. Ng4 Bc3 29. Qd3 h5 30. Ne3 Bf6 31. a4 Qc5 32. Nc4 Qd5 33. Qxd5 exd5 34. Ne3 d4 35. Nd5 Be5 36.
Nb4 Kf6 37. Kf1 Ke6 38. Ke1 a5 39. Nd3 Bd6 40. Kd2 Kd5 41. Nb2 Ke4 42. f3+ Kd5 43.
Kd3 g4 44. Nd1 f5 45. Nf2 Be5 46. f4 Bd6 47. Nd1 Bb4 48. e3 dxe3 49. Nxe3+ Ke6 50. Ke2 Bc5 51. Kd3 Bxe3 52. Kxe3 Kd5 53. Kd3 Kc5 54.
Kc3 Kd5 55. Kd3 Kc5 56. Kc3 Kd5 57. Kd3 1/2-1/2

[Event "*** Titled Tuesday Blitz"]
[Site "Chess.com"]
[Date "2019.11.05"]
[Round "6"]
[White "liczner"]
[Black "Keaton87"]
[Result "1-0"]
[WhiteElo "2799"]
[BlackElo "2570"]
[TimeControl "180+2"]
[EndTime "14:22:34 PST"]
[Termination "liczner won by checkmate"]

1. e4 c5 2. Nf3 d6 3. Bb5+ Bd7 4. Bxd7+ Qxd7 5. c4 Nf6 6. Nc3 g6 7. O-O Bg7 8. Rb1 Nc6 9. d3 O-O 10. a3 e6 11. b4 b6 12. Bg5 h6 13. Be3 d5 14.
cxd5 exd5 15. exd5 Nxd5 16. Nxd5 Qxd5 17. bxc5 bxc5 18. Qc1 Qxd3 19. Bxh6 Nd4 20. Nxd4 cxd4 21. Bxg7 Kxg7 22. Rd1 Qc3 23. Qd2 Rfd8 24. Qd3 Rac8 25. Rb3 Qa5 26. h4 Qe5 27. g3 Rd7 28. Rb5 Qf6 29.
Rb3 Rcd8 30. Qc4 Rd6 31. Rbd3 R8d7 32. Kg2 Qe5 33. Kg1 Rd5 34. Qc2 Rc7 35. Qd2 Rc4 36.
Re1 Qd6 37. Re4 f5 38. Re1 Qc5 39. Qe2 Rd7 40. Qe6 Qd5 41. Qe8 Rcc7 42. h5 gxh5 43.
Qxh5 Re7 44. Qg5+ Kf7 45. Qh5+ Kg7 46. Red1 Re4 47. Qg5+ Kf7 48. Qh5+ Kg7 49. Qg5+ Kf7 50. f3 Re2 51. Rxd4 Qa2 52. Rd7+ Rxd7 53. Rxd7+ Ke6 54. Qe7# 1-0

[Event "*** Titled Tuesday Blitz"]
[Site "Chess.com"]
[Date "2019.11.05"]
[Round "6"]
[White "NemtsevIgor"]
[Black "GasconJR"]
[Result "0-1"]
[WhiteElo "2285"]
[BlackElo "2470"]
[TimeControl "180+2"]
[EndTime "14:22:34 PST"]
[Termination "GasconJR won by resignation"]

1. e4 c5 2. Nf3 d6 3. d3 Nc6 4. g3 g6 5. Bg2 Bg7 6. O-O e5 7.
c3 Nge7 8. Nbd2 O-O 9. Nh4 d5 10. Qe2 b6 11. Re1 Bb7 12. a4 Qd7 13. exd5 Nxd5 14.
Nc4 Rad8 15. Bg5 f6 16. Bd2 Nde7 17. Bf1 Kh8 18. Be3 g5 19. Nf3 Ng6 20. Red1 Qe8 21. Bg2 Rf7 22. Nfd2 Rfd7 23. Ne4 h6 24. Bh3 Rd5 25. a5 b5 26. a6 Ba8 27. Na5 Nxa5 28.
Rxa5 Qe7 29. Qh5 Nf8 30. Rxb5 c4 31. Rxd5 Bxd5 32. Bg2 Bf7 33. Qe2 f5 34. Nc5 f4 35.
dxc4 Rxd1+ 36. Qxd1 fxe3 37. Ne4 exf2+ 38. Nxf2 Nd7 39.
Qa4 Nb6 40. Qc6 Bxc4 41. h4 Bxa6 42. Ne4 Bb7 43. Qb5 Bxe4 44. Bxe4 Bf8 45. Qc6 Qc5+ 46. Qxc5 Bxc5+ 47. Kg2 a5 48. hxg5 hxg5 49. Bc6 Kg7 50. Kf3 Nc4 51. b4 axb4 52. cxb4 Bxb4 53. Kg4 Kf6 54. Be4 Nd6 55. Bc2 Be1 56. Kf3 e4+ 57. Kg4 e3 58. Kf3 Bf2 59. g4 Ke5 60. Ke2 Nb5 61.
Bf5 Nd4+ 62. Kd3 e2 0-1

[Event "*** Titled Tuesday Blitz"]
[Site "Chess.com"]
[Date "2019.11.05"]
[Round "6"]
[White "GadimbayliA"]
[Black "AndrBaryshpolets"]
[Result "1/2-1/2"]
[WhiteElo "2928"]
[BlackElo "2789"]
[TimeControl "180+2"]
[EndTime "14:22:38 PST"]
[Termination "Game drawn by agreement"]

1. e4 e6 2. d4 d5 3. Nd2 c5 4. exd5 Qxd5 5. Ngf3 cxd4 6. Bc4 Qd7 7. O-O Nc6 8. Nb3 a6 9. Nbxd4 Nxd4 10. Nxd4 Nf6 11. Re1 b5 12. Bb3 Bb7 13. Bg5 Ne4 14. Bf4 Bd6 15.
Nxe6 fxe6 16. Bxd6 O-O-O 17. Be5 Qf7 18. Qg4 Qxf2+ 19.
Kh1 Qxe1+ 20. Rxe1 Nf2+ 21. Kg1 Nxg4 22. Bxe6+ Rd7 23. Bxg4 Re8 24. Rd1 Bc6 25. Bxg7 Re7 26. Bc3 Kb7 27. Bxd7 Rxd7 28. Re1 Bd5 29. a3 Kc6 30. h3 Rf7 31. Bd4 a5 32. c3 a4 33.
Re5 Kd6 34. Re1 Kc6 35. Re2 Kd6 36. Kh2 Kc6 37. g4 Rf3 38. Rf2 Rxf2+ 39. Bxf2 Be4 40. Kg3 Kd5 41. h4 Bc2 42. Kf4 Ke6 43. Kg5 Kf7 44.
Kh6 Kg8 45. g5 Bd1 46. h5 Bc2 47. g6 hxg6 48. hxg6 Bd3 49. Bd4 Bc4 50. Kg5 Bd3 51.
Kf6 Bc2 52. g7 Bd3 53. Ke6 Bc4+ 54. Kd6 Kf7 55. Kc5 Kg8 56. Kd6 Kf7 57. Kd7 Kg8 58. Ke7 Bd3 59. c4 Bxc4 60. Kd6 Be2 61. Kc5 Bf1 1/2-1/2

[Event "*** Titled Tuesday Blitz"]
[Site "Chess.com"]
[Date "2019.11.05"]
[Round "6"]
[White "chanchakman"]
[Black "PNEPaul"]
[Result "1-0"]
[WhiteElo "2155"]
[BlackElo "1729"]
[TimeControl "180+2"]
[EndTime "14:22:38 PST"]
[Termination "chanchakman won by resignation"]

1. g3 a6 2. Bg2 d6 3. d4 g6 4. Nf3 Nd7 5. O-O Bg7 6. e4 Rb8 7. Be3 e6 8. Qd2 h6 9. Ne1 Ne7 10. f4 b5 11. Nd3 Bb7 12. Qf2 Nf6 13. Nd2 Ng4 14. Qe2 Nxe3 15. Qxe3 O-O 16. g4 f5 17. h3 fxe4 18. Bxe4 Nd5 19. Qf2 Qf6 20. c3 e5 21.
fxe5 Qxf2+ 22. Rxf2 Rxf2 23. Kxf2 Rf8+ 24. Ke2 dxe5 25. Nxe5 Bxe5 26. dxe5 Re8 27. Nf3 Nf4+ 28. Ke3 Ng2+ 29. Kd3 Rd8+ 30. Nd4 Nf4+ 31. Ke3 Nd5+ 32. Bxd5+ Bxd5 33. Rf1 Re8 34. Rf6 Kg7 35. Rxa6 Rxe5+ 36.
Kd2 c5 37. Nxb5 Bf3 38. a4 Re2+ 39. Kc1 Rh2 40. Ra7+ Kf6 41. Nd6 Rh1+ 42. Kc2 Rxh3 43. a5 Bxg4 44. a6 Bf3 45. Rf7+ Kg5 46. Nb7 Rh2+ 47.
Kc1 Rh1+ 48. Kd2 Rh2+ 49. Ke3 Bxb7 50. Rxb7 Rh1 51. Rb5 Ra1 52. Rxc5+ Kg4 53. Rc6 Kg5 54. b4 h5 55. Rc5+ Kg4 56. Ra5 Re1+ 57. Kf2 Re8 58.
a7 Ra8 59. b5 h4 60. Ra4+ Kg5 61. b6 h3 62. Kg3 Rf8 63. Kxh3 Rh8+ 64. Kg2 1-0

[Event "*** Titled Tuesday Blitz"]
[Site "Chess.com"]
[Date "2019.11.05"]
[Round "6"]
[White "Storne89"]
[Black "GrandGlacier"]
[Result "1/2-1/2"]
[WhiteElo "2676"]
[BlackElo "2525"]
[TimeControl "180+2"]
[EndTime "14:22:45 PST"]
[Termination "Game drawn by agreement"]

1. e4 e5 2. Nf3 Nc6 3. Bc4 Bc5 4. d3 Nf6 5. O-O O-O 6. a4 a5 7.
c3 d6 8. Re1 Ne7 9. h3 Ng6 10.
Nbd2 c6 11. Bb3 h6 12. Nf1 Re8 13. Ng3 Be6 14. Be3 Qb6 15. Bxe6 fxe6 16. Bxc5 Qxc5 17. Qb3 b5 18. d4 Qc4 19. Qc2 exd4 20. Nxd4 b4 21.
Rac1 Nf4 22. Re3 Nd7 23. b3 Qc5 24. Qd2 Ne5 25. cxb4 Qxb4 26. Qxb4 axb4 27. Nxc6 Kh7 28. Nxe5 dxe5 29. Ne2 Rec8 30. Rxc8 Rxc8 31. Nxf4 Rc1+ 32. Kh2 exf4 33. Rd3 Rc3 34. Rf3 g5 35. a5 Rc2 36.
Rd3 Rxf2 37. a6 Ra2 38. Rd6 f3 39. Rxe6 Rxg2+ 40. Kh1 h5 41. e5 g4 42. hxg4 hxg4 43. Rf6 Ra2 44. Rf4 Rxa6 45. Rxg4 Re6 46. Re4 Kg6 47. Kg1 Kf5 48. Rxb4 Rxe5 49. Kf2 Re2+ 50. Kxf3 Re1 51. Rd4 Ke5 52. Rh4 Rb1 53. b4 Kd5 54. Ke3 Rb3+ 55. Kd2 Rg3 56. Kc2 Rf3 57. Kb2 Rg3 58.
Kc2 Rf3 59. Kb2 1/2-1/2

[Event "*** Titled Tuesday Blitz"]
[Site "Chess.com"]
[Date "2019.11.05"]
[Round "6"]
[White "Olga_Ustinova"]
[Black "Marcus_Harvey"]
[Result "1/2-1/2"]
[WhiteElo "2399"]
[BlackElo "2626"]
[TimeControl "180+2"]
[EndTime "14:22:45 PST"]
[Termination "Game drawn - insufficient material"]

1. d4 Nf6 2. Nf3 e6 3. Bf4 Nh5 4. Bc1 Nf6 5. Bf4 b6 6. e3 Nh5 7.
Bg5 Be7 8. Bxe7 Qxe7 9. c3 Bb7 10. Nbd2 d6 11. Bd3 Nd7 12. e4 Nf4 13. Bf1 e5 14. g3 Ng6 15. dxe5 Ndxe5 16. Nxe5 Nxe5 17. Bg2 O-O 18. O-O f5 19. exf5 Bxg2 20. Kxg2 Rxf5 21.
Ne4 Raf8 22. f4 Nc4 23. Re1 Qf7 24. Qc2 d5 25. Nf2 Qg6 26. Re2 Qc6 27. Kg1 h5 28. Rae1 h4 29. Re7 Nd6 30. Qe2 Nc8 31. Re8 Rxe8 32.
Qxe8+ Qxe8 33. Rxe8+ Rf8 34. Re5 hxg3 35. hxg3 c6 36.
Nd3 a5 37. a4 Nd6 38. Kg2 Nc4 39. Re6 Rf6 40. Rxf6 gxf6 41. g4 b5 42. axb5 cxb5 43. Kf3 Kf7 44. g5 Kg6 45. gxf6 Kxf6 46. Ke2 Kf5 47. b3 Nd6 48. Ke3 a4 49. bxa4 bxa4 50. Kd4 a3 51. Nb4 Ke6 52. Na2 Ne4 53. c4 Nf6 54. cxd5+ Nxd5 55. f5+ Kd6 56. Kc4 Ke5 57. f6 Nxf6 58. Kb3 Ne4 59. Nc3 Nxc3 60. Kxa3 1/2-1/2

[Event "*** Titled Tuesday Blitz"]
[Site "Chess.com"]
[Date "2019.11.05"]
[Round "6"]
[White "Alexander_Zubov"]
[Black "Shield12"]
[Result "1/2-1/2"]
[WhiteElo "2946"]
[BlackElo "2811"]
[TimeControl "180+2"]
[EndTime "14:22:51 PST"]
[Termination "Game drawn by agreement"]

1. d4 Nf6 2. Nf3 e6 3. c4 Bb4+ 4. Nbd2 b6 5. e3 Bb7 6. Bd3 O-O 7. a3 Bxd2+ 8. Qxd2 d6 9. b4 a5 10. Bb2 axb4 11. axb4 Rxa1+ 12. Bxa1 Nbd7 13. Qc2 c5 14.
dxc5 dxc5 15. b5 Qe7 16. Nd2 h6 17. O-O Rd8 18. Bc3 Nf8 19. Ra1 Ra8 20. Rd1 Rd8 21. f3 e5 22. Be2 Ng6 23. Nb1 Rxd1+ 24. Qxd1 Ne8 25. Be1 Nd6 26. Nc3 Qe6 27. Qa1 Ne7 28.
e4 Nxc4 29. Qa7 Na5 30. Qb8+ Kh7 31. Bf1 Nc8 32. Na4 Qe7 33. Nxb6 Nxb6 34. Bxa5 Na4 35.
b6 f6 36. Qc7 Qxc7 37. bxc7 Nb2 38. Bb6 c4 39. Ba5 Nd3 40. Be2 Kg6 41. Bd1 Kf7 42. Ba4 Ke7 43. Bb5 Nb2 44. Bc3 Nd1 45. Bb4+ Ke6 46. Bxc4+ Kd7 47. Be2 Ne3 48. Ba5 Nc2 49.
Bb5+ Kc8 50. Bc4 Kd7 51. Kf2 Nd4 52. Ke3 Ne6 53. Bxe6+ Kxe6 54. g3 h5 55. h4 g6 56.
Kd3 f5 57. exf5+ gxf5 58. Ke3 e4 59. fxe4 fxe4 60. Kf4 Kf6 61. Bd2 Bc8 62. Kxe4 Ke7 63. Kf4 Bg4 64. Kg5 Kd7 65. Bf4 Kc8 1/2-1/2

[Event "*** Titled Tuesday Blitz"]
[Site "Chess.com"]
[Date "2019.11.05"]
[Round "6"]
[White "mikhaillushenkov"]
[Black "platy3"]
[Result "0-1"]
[WhiteElo "2703"]
[BlackElo "2904"]
[TimeControl "180+2"]
[EndTime "14:23:01 PST"]
[Termination "platy3 won by resignation"]

1. Nf3 Nf6 2. c4 e6 3. d4 d5 4. Nc3 Bb4 5. Qa4+ Nc6 6. e3 O-O 7. Bd2 Re8 8. a3 Bf8 9. Be2 a6 10. O-O Rb8 11. Rac1 dxc4 12. Qxc4 e5 13. d5 Ne7 14. e4 Ng6 15. Rfd1 Bd6 16. b4 Nf4 17.
Bxf4 exf4 18. e5 Bxe5 19. Nxe5 Rxe5 20. Qxf4 Qd6 21. Qg3 Bd7 22. Bf3 Rbe8 23. h3 h6 24. Kh2 Qb6 25. Rd2 a5 26. Qf4 axb4 27. axb4 Rf5 28. Qd4 Qd6+ 29. Kg1 Rf4 30. Qc5 Rxb4 31. Qxd6 cxd6 32. Ne2 Ne4 33. Bxe4 Rbxe4 34. Rc7 Bxh3 35. gxh3 Rxe2 36. Rxe2 Rxe2 37. Rd7 b5 38. Rxd6 Rd2 39. Kf1 h5 40. Rd8+ Kh7 41. d6 Kg6 42. Rb8 Rd5 43. Rb6 Kf6 44. Kg2 Ke6 45. Kg3 g5 46. h4 f6 47. d7+ Kxd7 48. Rxf6 gxh4+ 49. Kxh4 Kc7 50. Re6 b4 51. f4 b3 52. Re2 Kd6 53. Rb2 Rb5 54.
f5 Ke5 55. Kg5 Kd4 56. Kg6 Kc3 57. Rb1 Kc2 58. Rh1 b2 59. Rh2+ Kb3 0-1

[Event "*** Titled Tuesday Blitz"]
[Site "Chess.com"]
[Date "2019.11.05"]
[Round "6"]
[White "CarlssonLudvig"]
[Black "deBaller"]
[Result "0-1"]
[WhiteElo "2474"]
[BlackElo "2351"]
[TimeControl "180+2"]
[EndTime "14:23:05 PST"]
[Termination "deBaller won by checkmate"]

1. d4 Nf6 2. c4 e6 3. Nc3 Bb4 4. Qc2 O-O 5. Nf3 d6 6. Bd2 Nc6 7. a3 Bxc3 8. Bxc3 Qe7 9. e3 e5 10. dxe5 dxe5 11. Be2 a5 12. b3 g6 13. Qb2 Re8 14.
O-O Ne4 15. Rfd1 Nxc3 16. Qxc3 Bg4 17. h3 Bxf3 18. Bxf3 e4 19. Be2 Rad8 20. Rd5 b6 21. Rdd1 Rxd1+ 22. Bxd1 Qe5 23. Qxe5 Nxe5 24. Bc2 f5 25. Rd1 Kf7 26. Kf1 Ke7 27. Rd5 Ke6 28. Ke2 c6 29. Rd1 Ke7 30. Rc1 Rd8 31. Bb1 c5 32.
Bc2 a4 33. bxa4 Nxc4 34. Bxe4 Nxa3 35. Bc6 Rc8 36. Bd5 Kd6 37. Ba2 Ra8 38. Bb3 c4 39. Ra1 cxb3 40. Rxa3 b5 41. a5 Kc5 42. Rxb3 b4 43.
f3 Kc4 44. Rb2 b3 45. Kd2 Rxa5 46. g4 Ra2 47. Kc1 Kc3 48. Rb1 Rh2 49. Rxb3+ Kxb3 50.
gxf5 gxf5 51. Kd1 Rxh3 52. e4 Rxf3 53. exf5 Rxf5 54. Ke2 h5 55. Ke3 h4 56. Ke4 Rf8 57. Ke3 h3 58. Kd3 h2 59. Ke4 h1=Q+ 60. Ke5 Qe1+ 61.
Kd5 Rd8+ 62. Kc5 Qb4+ 63. Kc6 Qd6+ 64. Kb7 Rb8+ 65. Ka7 Rb4 66. Ka8 Qc6+ 67. Ka7 Qa4# 0-1

[Event "*** Titled Tuesday Blitz"]
[Site "Chess.com"]
[Date "2019.11.05"]
[Round "6"]
[White "vova-79"]
[Black "HrvojeZagreb"]
[Result "1/2-1/2"]
[WhiteElo "2386"]
[BlackElo "2173"]
[TimeControl "180+2"]
[EndTime "14:23:05 PST"]
[Termination "Game drawn by agreement"]

1. d4 e6 2. c4 f5 3. g3 Nf6 4. Bg2 d6 5. Nf3 Be7 6. b3 O-O 7. Bb2 Ne4 8. Nbd2 Bf6 9. Qc2 Nxd2 10.
Qxd2 Qe8 11. O-O Nc6 12. d5 Nd8 13. dxe6 Nxe6 14. Rfe1 f4 15. Nd4 Nxd4 16. Bxd4 fxg3 17. hxg3 Qh5 18. Bxf6 Rxf6 19. Qd5+ Qxd5 20. cxd5 Bg4 21. Rac1 Rc8 22. f3 Bd7 23. e4 c6 24. dxc6 bxc6 25. e5 dxe5 26. Rxe5 Re8 27. Rce1 Rfe6 28. Rxe6 Rxe6 29.
Rd1 Be8 30. Kf2 g5 31. Bf1 Kg7 32. Rd8 Re7 33. Bc4 Kf6 34. Rd6+ Ke5 35. Rd1 Bg6 36. b4 Rb7 37. a3 Re7 38. Rc1 h5 39. Be2 Kd6 40. Bd1 Re5 41. Ba4 Be8 42. Rd1+ Kc7 43. Rd2 a5 44. Bd1 h4 45. f4 hxg3+ 46. Kxg3 gxf4+ 47. Kxf4 Rb5 48. Be2 Rd5 49. Rxd5 cxd5 50.
bxa5 Kd6 51. a6 Bc6 52. a7 Ba8 53. Kf5 Kc5 54. Ke6 Kb6 55. Bf3 Kxa7 56. Bxd5 Bxd5+ 57. Kxd5 Ka6 58. Kc4 Ka5 59. Kb3 Ka6 60. a4 Ka7 1/2-1/2

[Event "*** Titled Tuesday Blitz"]
[Site "Chess.com"]
[Date "2019.11.05"]
[Round "6"]
[White "Siemba"]
[Black "mortngabriel"]
[Result "1-0"]
[WhiteElo "2207"]
[BlackElo "2256"]
[TimeControl "180+2"]
[EndTime "14:23:08 PST"]
[Termination "Siemba won by checkmate"]

1. e4 c6 2. d4 d5 3. Nd2 dxe4 4. Nxe4 Bf5 5. Ng3 Bg6 6. h4 h6 7. Nf3 Nd7 8. h5 Bh7 9. Bd3 Bxd3 10. Qxd3 e6 11.
Bd2 Ngf6 12. O-O-O Be7 13. Kb1 O-O 14. Ne4 c5 15.
Bc3 Nxe4 16. Qxe4 Nf6 17. Qd3 Nd5 18. Bd2 cxd4 19. Nxd4 Rc8 20. Bc1 Bf6 21. Rhe1 Qb6 22. Nb3 Rfd8 23. Qf3 a5 24. Be3 Nxe3 25. Rxd8+ Qxd8 26. Qxe3 a4 27. Nc1 Qc7 28. c3 a3 29. Ne2 axb2 30. Kxb2 Qc4 31. Rd1 b5 32. Qd3 Qa4 33. Qc2 Qa5 34. a3 b4 35. axb4 Qxb4+ 36. Qb3 Qe4 37. Rd2 Qxg2 38. Nd4 Qg5 39. Rc2 Qxh5 40.
Qb7 Qc5 41. Nb3 Bxc3+ 42. Kb1 Qc4 43. Na5 Qf1+ 44. Ka2 Qa1+ 45. Kb3 Qxa5 46. Qxc8+ Kh7 47. Qxc3 Qb5+ 48. Qb4 Qd3+ 49. Qc3 Qb5+ 50. Ka2 Qa4+ 51. Kb1 Qb5+ 52. Kc1 Qf1+ 53. Kd2 Qxf2+ 54. Kd1 Qf1+ 55. Qe1 Qxe1+ 56. Kxe1 g5 57. Kf2 Kg6 58. Rc3 h5 59. Ra3 f6 60. Ra6 e5 61. Kf3 g4+ 62. Ke4 h4 63.
Ra8 h3 64. Rg8+ Kh5 65. Kf5 h2 66. Rh8# 1-0

[Event "*** Titled Tuesday Blitz"]
[Site "Chess.com"]
[Date "2019.11.05"]
[Round "6"]
[White "GM_dmitrij"]
[Black "ChessQueen"]
[Result "1-0"]
[WhiteElo "2926"]
[BlackElo "2676"]
[TimeControl "180+2"]
[EndTime "14:23:17 PST"]
[Termination "GM_dmitrij won by resignation"]

1. e4 e5 2. Nf3 Nf6 3. Nxe5 d6 4. Nd3 Nxe4 5. Qe2 Qe7 6. Nf4 Nf6 7. Nc3 c6 8. d4 Qxe2+ 9. Bxe2 d5 10. Nd3 Bd6 11. Bg5 Nbd7 12. f3 O-O 13. Kf2 h6 14. Bf4 Bxf4 15.
Nxf4 Re8 16. h4 Nb6 17. g4 Nh7 18. Bd3 Nc4 19. Bxc4 dxc4 20. d5 cxd5 21. Nfxd5 Rb8 22. Rad1 Be6 23. a4 Nf8 24. Ne3 Red8 25. Nb5 a6 26.
Nd4 Rbc8 27. c3 Bd7 28. a5 Rc5 29. Ra1 Re8 30. Rhd1 g6 31. Ndc2 Kg7 32. Rd5 Rxd5 33. Nxd5 Re5 34. Nce3 Be6 35. Nb6 Rc5 36. Ra4 Nd7 37.
Nexc4 Nxb6 38. Nxb6 Rb5 39. b4 h5 40. g5 f6 41. f4 fxg5 42. hxg5 h4 43. Ra1 h3 44. Kg3 Rf5 45. Re1 Kf7 46. Re2 Rb5 47. Rd2 Ke7 48.
Rd4 Rf5 49. c4 Rf8 50. Rd2 Rh8 51. Re2 Kf7 52. Kh2 Rd8 53. Nd5 Bxd5 54. Rd2 Rc8 55. cxd5 Rc4 56. d6 Ke8 57. f5 gxf5 58. Rd5 Kd7 59. Rxf5 Kxd6 60. Kxh3 Rxb4 61. g6 Rb1 62. Rg5 Rh1+ 63. Kg4 Rh8 64. Kf5 Rg8 65. Kf6 Rf8+ 66.
Kg7 Rf1 67. Kh7 Rh1+ 68. Kg8 Ke7 69. Rf5 1-0